 Dungeon Crawl Stone Soup version 0.29.1-1-gd02db6906a (webtiles) character file.

Game seed: 6761587635760857125

204 LustLizard the Slasher (level 6, -2/47 HPs)
             Began as a Human Gladiator on Oct 18, 2022.
             Killed from afar by an orc wizard (10 damage)
             ... with a puff of flame
             ... on level 4 of the Dungeon.
             The game lasted 00:04:49 (5212 turns).

LustLizard the Slasher (Human Gladiator)            Turns: 5212, Time: 00:04:50

Health: -2/47      AC:  6    Str: 14    XL:     6   Next: 9%
Magic:  6/6        EV: 12    Int:  8    God:
Gold:   198        SH:  4    Dex: 17    Spells: 5/5 levels left

rFire   . . .      SeeInvis .   a - +0 long sword
rCold   . . .      Faith    .   A - +0 buckler
rNeg    . . .      Spirit   .   b - +0 leather armour
rPois   .          Reflect  .   c - +0 helmet
rElec   .          Harm     .   i - +1 cloak {rCorr}
rCorr   +          Rampage  .   (no gloves)
Will    .....                   (no boots)
Stlth   +.........              t - amulet of the acrobat
HPRegen 0.15/turn               (no ring)
MPRegen 0.10/turn               (no ring)

@: no status effects
A: no striking features
a: no special abilities


You were on level 4 of the Dungeon.
You visited 1 branch of the dungeon, and saw 4 of its levels.

You collected 198 gold pieces.

Inventory:

Hand Weapons
 a - a +0 long sword (weapon)
Missiles
 d - 2 throwing nets
 e - a javelin
 f - 8 poisoned darts
 r - 13 stones (quivered)
Armour
 b - a +0 leather armour (worn)
 c - a +0 helmet (worn)
 i - a +1 cloak of preservation (worn)
 y - a +0 ring mail
 A - a +0 buckler (worn)
Jewellery
 t - an amulet of the acrobat (around neck)
Wands
 z - a wand of paralysis (3)
Scrolls
 h - a scroll of teleportation {unknown}
 l - a scroll of fear {unknown}
 m - a scroll of immolation {unknown}
 n - 6 scrolls of identify {unknown}
 u - 2 scrolls of enchant armour {unknown}
 w - a scroll of vulnerability {unknown}
 B - a scroll of blinking {unknown}
Potions
 g - 2 potions of cancellation {unknown}
 j - a potion of mutation {unknown}
 k - a potion of might {unknown}
 o - 2 potions of flight {unknown}
 p - a potion of haste {unknown}
 q - a potion of degeneration {unknown}
 s - a potion of brilliance {unknown}
 v - 2 potions of curing {unknown}
 x - a potion of attraction {unknown}


   Skills:
 + Level 3.1 Fighting
 * Level 4.5 Long Blades
 * Level 4.0 Throwing
 - Level 3.0 Dodging


You had 5 spell levels left.
You didn't know any spells.
Your spell library contained the following spells:

 Spells                   Type           Power      Damage    Failure   Level
 Call Canine Familiar     Summ           0%         N/A       92%         3
 Ozocubu's Armour         Ice            0%         N/A       92%         3
 Portal Projectile        Hex/Tloc       0%         N/A       92%         3
 Leda's Liquefaction      Hex/Erth       0%         N/A       100%        4
 Metabolic Englaciation   Hex/Ice        0%         N/A       100%        5
 Simulacrum               Ice/Necr       0%         N/A       100%        6


Dungeon Overview and Level Annotations

Branches:
Dungeon (4/15)
 Temple: D:4-7

Altars:

Annotations:
D:3 exclusions: orc and orc priest


Message History

You hit the orc.
The orc is lightly wounded.
The orc barely misses you. Something hits you but does no damage.
Something hits you. You block the orc's attack.
You hit the orc but do no damage.
The orc is lightly wounded.
You block the orc's attack.
You hear some strange, mumbled words.
A puff of flame appears from out of thin air!
The puff of flame hits you. The orc barely misses you. Something hits you.
You hit the orc.
The orc is almost dead.
The orc barely misses you. Something hits you but does no damage.
The orc hits you with a +0 whip. You block something's attack.
The orc hits you but does no damage. Something hits you.
The orc barely misses you. Something hits you but does no damage.
Unknown command.
You slash the orc!
You kill the orc!
The orc completely misses you. Something hits you. x2
You miss something. The orc hits you with a +0 club.
Something hits you but does no damage. Something hits you.
You miss something. The orc closely misses you. Something hits you. x2
* * * LOW HITPOINT WARNING * * *
Something hits you but does no damage. The orc hits you with a +0 club.
* * * LOW HITPOINT WARNING * * *
Something hits you.
* * * LOW HITPOINT WARNING * * *
You closely miss something. Something hits you but does no damage.
The orc hits you but does no damage. Something hits you.
* * * LOW HITPOINT WARNING * * *
Unknown command.
You barely miss something. The orc hits you with a +0 club.
* * * LOW HITPOINT WARNING * * *
You hear some strange, mumbled words.
Something tries to affect you, but you resist.
You hear some strange, mumbled words.
A puff of flame appears from out of thin air!
The puff of flame hits you!
You die...

...#.....##.#
###..............##
##.#.######.## #.....)#.#####.#
...#.....'...# #........#...#.#
###########...........#.##.#.#.#
.#..#######...<.....#.#
.......####.....#.###.#
#.......?......# ..#.#
#.......##.#...# .#..
#....{@)##.#.........
#....o{)##+#######.#. #.........
#........... #............#
#............# #............#
#............#


You could see an orc.

Vanquished Creatures
  An orc priest (D:4)
  Ijyb (D:3)
  An adder (D:2)
  7 gnolls
  A worm (D:2)
  3 dart slugs
  3 orcs
  4 bats
  6 endoplasms
  A giant cockroach (D:2)
  10 goblins
  4 hobgoblins
  2 jackals (D:1)
  A quokka (D:1)
  7 ball pythons
  3 frilled lizards
  6 kobolds
  5 rats
66 creatures vanquished.

Notes
Turn   | Place    | Note
-------+----------+-------------------------------------------
     0 | D:1      | LustLizard the Human Gladiator began the quest for the Orb.
     0 | D:1      | Reached XP level 1. HP: 16/16 MP: 1/1
   177 | D:1      | Reached XP level 2. HP: 22/22 MP: 2/2
   670 | D:1      | Reached XP level 3. HP: 27/27 MP: 3/3
  1350 | D:2      | Reached XP level 4. HP: 13/34 MP: 4/4
  1354 | D:2      | HP: 1/34 [gnoll/+0 club (4)]
  2912 | D:3      | Reached XP level 5. HP: 36/39 MP: 5/5
  3073 | D:3      | Found a faded altar of an unknown god.
  3686 | D:3      | Noticed Ijyb
  3696 | D:3      | Paralysed by Ijyb for 5 turns
  3708 | D:3      | Paralysed by Ijyb for 2 turns
  3713 | D:3      | Paralysed by Ijyb for 2 turns
  3715 | D:3      | Killed Ijyb
  5205 | D:4      | Reached XP level 6. HP: 39/47 MP: 6/6
  5212 | D:4      | Killed from afar by an orc wizard

Illustrated notes

Levels and vault maps discovered:
D:1:      minmay_arrival_glassed_features, layout_basic
D:2:      layout_basic
D:3:      layout_basic, chequers_ecumenical_altar_twisty, hex_tiny,
          dreamdust_princess_corridor, kennysheep_big_empty_room,
          chequers_serial_rivers_room_a, uniq_ijyb
D:4:      layout_basic, roderic_serpentine_path, nrook_loot_triangle

Skill      XL: |  1  2  3  4  5 |
---------------+----------------+-----
Throwing       | 3 4 |  4.0
Long Blades    | 4 |  4.5
Fighting       | 3 |  3.1
Dodging        | |  3.0

Action                   |  1- 3 |  4- 6 || total
-------------------------+-------+-------++-------
Melee: Long sword        |    87 |   144 ||   231
       Punch             |     1 |     1 ||     2
Throw: Dart              |     2 |       ||     2
       Stone             |     1 |     7 ||     8
       Throwing net      |       |     2 ||     2
 Stab: Sleeping          |       |     4 ||     4
       Held in net/web   |       |     3 ||     3
Armor: Leather armour    |    28 |    62 ||    90
Dodge: Dodged            |    59 |   111 ||   170
Block: Buckler           |       |     9 ||     9
